 Dungeon Crawl Stone Soup version 0.18.1-48-g4cf74bf (webtiles) character file.

126 Gargoyl the Skirmisher (level 4, 37/37 HPs)
             Began as a Demonspawn Abyssal Knight on Aug 29, 2016.
             Was a Believer of Lugonu.
             Quit the game on level 3 of the Dungeon.
             The game lasted 00:02:56 (1830 turns).

Gargoyl the Skirmisher (Demonspawn Abyssal Knight)  Turns: 1830, Time: 00:02:56

Health: 37/37      AC:  7    Str: 13    XL:     4   Next: 83%
Magic:  6/6        EV: 12    Int: 13    God:    Lugonu [**....]
Gold:   58         SH:  0    Dex: 13    Spells: 0 memorised, 3 levels left

rFire  . . .     SeeInvis .     a - +1 hand axe
rCold  . . .     Gourm    .     b - +0 leather armour
rNeg   . . .     Faith    .     (no shield)
rPois  .         Spirit   +     (no helmet)
rElec  .         Dismiss  .     (no cloak)
rCorr  .         Reflect  .     (no gloves)
SustAt .         Harm     .     (no boots)
MR     .....                    h - amulet of regeneration
Stlth  +.........               (no ring)
                                (no ring)

@: not resistant to hostile enchantments, very unstealthy
A: claws 1, iridescent scales 1, magic shield
a: Depart the Abyss, Bend Space, Renounce Religion


You were on level 3 of the Dungeon.
You worshipped Lugonu.
Lugonu was pleased with you.
You were not hungry.

You visited 1 branch of the dungeon, and saw 3 of its levels.
You visited the Abyss 1 time.

You collected 58 gold pieces.

Inventory:

Hand Weapons
 a - a +1 hand axe (weapon)
Missiles
 d - 6 tomahawks (quivered)
Armour
 b - a +0 leather armour (worn)
Jewellery
 h - an amulet of regeneration (around neck)
 l - an uncursed ring of stealth {unknown}
Scrolls
 e - a scroll of enchant armour {unknown}
 f - a scroll of random uselessness {unknown}
Potions
 j - a potion of curing {unknown}
 m - a potion of flight {unknown}
Comestibles
 c - a bread ration
 g - a meat ration
 i - 2 beef jerkies
 k - 2 chunks of flesh


   Skills:
 + Level 3.8 Fighting
 + Level 2.4 Axes
 + Level 2.5 Armour
 + Level 2.1 Dodging
 + Level 0.6 Stealth
 + Level 3.1 Invocations


You had 3 spell levels left.
You didn't know any spells.

Dungeon Overview and Level Annotations

Branches:
Dungeon (3/15)

Altars:
Cheibriados


Innate Abilities, Weirdness & Mutations

You have sharp fingernails.
You are partially covered in iridescent scales (AC +4).
When hurt, damage is shared between your health and your magic reserves.


Message History

The hound is almost dead.
The hound bites you. x2
You hit the hound but do no damage.
The hound is almost dead.
The hound bites you but does no damage.
You hit the hound but do no damage.
The hound is almost dead.
The hound bites you but does no damage. The hound barely misses you.
You hit the hound.
You kill the hound!
Lugonu accepts your kill.
Your Dodging skill increases to level 2!
Things that are here:
a club; a hobgoblin corpse You start resting.
Some of the chunks of flesh in your inventory have rotted away.
Magic restored.
You start resting.
HP restored.
Are you sure you want to abandon this character and quit the game? (Confirm with "yes".)

............##..#
#...#...............#
...#...............# .
..#(...............#
..##.................>#
.......................
...............(.......
#...###.....#.......
#..@.).....####..>.
#..#####........ ##.
#.#...... #. #.#####..
## #.# . #.# ... ###


There were no monsters in sight!

Vanquished Creatures
  A hound (D:3)
  Jessica (D:2)
  2 adders (D:3)
  2 dart slugs (D:2)
  A giant gecko (D:1)
  An orc (D:3)
  A ball python (D:3)
  7 bats
  2 giant cockroaches
  7 goblins
  6 hobgoblins
  3 jackals (D:2)
  A quokka (D:3)
  3 giant newts
  2 kobolds
  5 rats (D:2)
45 creatures vanquished.

Notes
Turn   | Place    | Note
--------------------------------------------------------------
     0 | Abyss:1  | Gargoyl the Demonspawn Abyssal Knight began the quest for the Orb.
     0 | Abyss:1  | Reached XP level 1. HP: 18/18 MP: 2/2
    23 | Abyss:1  | Found a corrupted altar of Lugonu.
    62 | Abyss:1  | Noticed a ynoxinul
    92 | D:1      | Escaped the Abyss
   387 | D:1      | Reached skill level 1 in Dodging
   529 | D:1      | Reached * piety under Lugonu
   529 | D:1      | Gained mutation: You have sharp fingernails. [demonic ancestry]
   529 | D:1      | Reached XP level 2. HP: 17/24 MP: 4/4
  1085 | D:2      | Found a snail-covered altar of Cheibriados.
  1249 | D:2      | Gained mutation: You are partially covered in iridescent scales (AC +4). [demonic ancestry]
  1249 | D:2      | Reached XP level 3. HP: 29/29 MP: 5/5
  1514 | D:2      | Noticed Jessica
  1521 | D:2      | Killed Jessica
  1595 | D:2      | Reached ** piety under Lugonu
  1595 | D:2      | Gained mutation: When hurt, damage is shared between your health and your magic reserves. [demonic ancestry]
  1595 | D:2      | Reached XP level 4. HP: 31/37 MP: 6/6
  1830 | D:3      | Quit the game

Skill      XL: |  1  2  3  4 |
---------------+-------------+-----
Dodging        | 1 2 |  2.1
Armour         | 2 |  2.5
Axes           | 2 |  2.4
Invocations    | 3 |  3.1
Fighting       | |  3.8
Stealth        | |  0.6

Action                   |  1- 3 |  4- 6 || total
-------------------------+-------+-------++-------
Melee: Hand axe          |   101 |    49 ||   150
Throw: Tomahawk          |       |     2 ||     2
Invok: Depart the Abyss  |     1 |       ||     1
  Eat: Chunk             |     2 |     1 ||     3
Armor: Leather armour    |    43 |    19 ||    62
Dodge: Dodged            |    95 |    34 ||   129
